 Dungeon Crawl Stone Soup version 0.15-a0-1579-gd26fec2 (console) character file.

935 Money the Grappler (level 7, 0/85 HPs)
             Began as a Minotaur Monk on June 18, 2014.
             Succumbed to a killer bee's poison
             ... on Level 7 of the Dungeon.
             The game lasted 00:10:05 (2230 turns).

Money the Grappler (Minotaur Monk)                  Turns: 2230, Time: 00:10:05

HP   0/85        AC 23     Str 18      XL: 7   Next: 87%
MP   3/3         EV  2     Int  7      God:
Gold 179         SH  0     Dex 12      Spells:  0 memorised,  6 levels left

rFire  . . .     SeeInvis +       - Unarmed
rCold  . . .     Clarity  .     k - melded +2 plate armour
rNeg   + + +     rCorr    .     (no shield)
rPois  +         rRot     .     (helmet restricted)
rElec  .         Spirit   .     w - melded +1 cloak
SustAb +         Warding  .     (gloves currently unavailable)
rMut   .         NoTele   +     (boots currently unavailable)
Gourm  .                        (no amulet)
MR     .....                    u - ring of see invisible
                                h - ring of sustain abilities

@: lethally poisoned, tree-form, not resistant to hostile enchantments,
unstealthy
A: (retaliatory headbutt), (horns 0), (talons 0)
a: no special abilities


You were on level 7 of the Dungeon.
You were hungry.
You were an animated tree.
You visited 1 branch of the dungeon, and saw 7 of its levels.

You collected 179 gold pieces.

Inventory:

Armour
 g - a +0 leather armour
 k - a +2 plate armour (melded)
 m - a +2 chain mail
 n - a +0 chain mail
 o - a +0 leather armour
 r - a +0 ring mail
 t - a cursed +0 ring mail
 v - a +1 ring mail
 w - a +1 cloak (melded)
Magical devices
 C - a wand of draining (10)
Comestibles
 b - 4 bread rations
 c - 3 meat rations
 f - 2 beef jerkies
 j - 5 fruits
 z - 2 rotting chunks of centaur flesh
Scrolls
 a - a scroll of blinking {unknown}
 d - 6 scrolls of identify {unknown}
 e - 3 scrolls of fog {unknown}
 i - 2 scrolls of enchant armour {unknown}
 l - 3 scrolls of teleportation {unknown}
 p - a scroll of magic mapping {unknown}
 q - a scroll of remove curse {unknown}
 s - 2 scrolls of random uselessness {unknown}
 x - a scroll of recharging {unknown}
 y - a scroll of noise {unknown}
Jewellery
 h - a ring of sustain abilities (left branch)
 u - a ring of see invisible (right branch)
Potions
 A - a potion of haste


   Skills:
 - Level 3.6 Fighting
 + Level 5.0 Armour
 - Level 3.2 Dodging
 - Level 1.5 Stealth
 * Level 9.7 Unarmed Combat


You had 6 spell levels left.
You didn't know any spells.

Dungeon Overview and Level Annotations

Branches:
Dungeon (7/15)
 Temple: D:4-7

Altars:

Annotations:
D:5 Pikel


Innate Abilities, Weirdness & Mutations

((You reflexively headbutt those who attack you in melee.))*
((You have a pair of horns on your head.))*
((You have sharp toenails.))*


Message History

You hit the killer bee.
The killer bee is moderately wounded.
* * * LOW HITPOINT WARNING * * *
You feel sick. The killer bee barely misses you.
You hit the killer bee but do no damage.
The killer bee is moderately wounded.
The killer bee stings you but does no damage. x2
You closely miss the killer bee.
The killer bee is moderately wounded.
* * * LOW HITPOINT WARNING * * *
You feel sick.
The killer bee stings you but does no damage. x2
You miss the killer bee.
The killer bee is moderately wounded.
The killer bee stings you.
* * * LOW HITPOINT WARNING * * *
The killer bee stings you but does no damage.
You hit the killer bee.
The killer bee is severely wounded.
You die...

. ##### ########...
..... ........ #####
##...^.# ###
############.....###.##
...
........♣yZ.(.........y
###
..########y......####..
#......#....# .. .
######...##......# . ..
..
.##....(.............
.... ...
.....###..##..?.#...
...#.(..##.....##.##
.!.##..
...............#..#
#...#
..................#
####


You could see 2 killer bees and an orc zombie.

Vanquished Creatures
  An ice beast (D:6)
  2 slaves
  A phantom (D:4)
  A black bear (D:7)
  A centaur (D:6)
  A scorpion (D:6)
  3 killer bees (D:7)
  3 orc priests
  2 orc wizards (D:7)
  Natasha (twice) (D:3)
  An iguana (D:7)
  The ghost of Money the Twirler, a weakling VSGl (D:4)
  6 adders
  A giant mite (D:4)
  An inept feature mimic (D:4)
  A worm (D:2)
  An iguana skeleton (D:6)
  4 giant geckos
  An ooze (D:3)
  25 orcs
  A ball python (D:2)
  5 bats
  5 giant cockroaches
  7 goblins
  7 hobgoblins
  A quokka (D:3)
  A giant newt (D:2)
  11 jackals
  8 kobolds
  6 rats
111 creatures vanquished.

Notes
Turn   | Place    | Note
--------------------------------------------------------------
     0 | D:1      | Money, the Minotaur Monk, began the quest for the Orb.
     0 | D:1      | Reached XP level 1. HP: 19/19 MP: 1/1
     6 | D:1      | Noticed an eight-headed hydra
     6 | D:1      | Noticed a black bear
     6 | D:1      | Noticed a killer bee
   192 | D:2      | Reached XP level 2. HP: 6/26 MP: 1/1
   279 | D:2      | Reached skill level 5 in Unarmed Combat
   334 | D:2      | Reached XP level 3. HP: 4/31 MP: 2/2
   617 | D:2      | Reached skill level 6 in Unarmed Combat
   659 | D:3      | Reached skill level 1 in Armour
   659 | D:3      | Reached XP level 4. HP: 18/39 MP: 2/2
   793 | D:3      | Noticed Natasha
   801 | D:3      | Killed Natasha
   859 | D:3      | Reached XP level 5. HP: 35/45 MP: 2/2
  1109 | D:3      | Noticed Natasha
  1119 | D:3      | Killed Natasha
  1230 | D:4      | Noticed Money's ghost (weakling VSGl)
  1237 | D:4      | Killed Money's ghost
  1237 | D:4      | Reached skill level 7 in Unarmed Combat
  1456 | D:4      | Reached XP level 6. HP: 28/51 MP: 3/3
  1519 | D:4      | Noticed a phantom
  1548 | D:4      | Found a staircase to the Ecumenical Temple.
  1571 | D:4      | Killed a phantom
  1579 | D:4      | the staircase to the Ecumenical Temple was a mimic.
  1580 | D:4      | Reached skill level 8 in Unarmed Combat
  1601 | D:5      | Entered Level 5 of the Dungeon
  1603 | D:5      | Noticed Pikel
  1622 | D:5      | HP: 2/51 [Pikel/whip of electrocution (8)]
  1625 | D:5      | Found Testelix's General Store.
  1629 | D:5      | Testelix's General Store was a mimic.
  1785 | D:6      | Reached XP level 7. HP: 7/57 MP: 3/3
  2001 | D:6      | Upgraded the game from 0.15-a0-1569-gdbe329f to 0.15-a0-1579-gd26fec2
  2043 | D:7      | Reached skill level 9 in Unarmed Combat
  2218 | D:7      | Gained mutation: You have sharp toenails. [potion of beneficial mutation]
  2220 | D:7      | Reached skill level 5 in Armour
  2223 | D:7      | HP: 4/85 [poisoned by a killer bee]
  2228 | D:7      | HP: 2/85 [poisoned by a killer bee]
  2230 | D:7      | Succumbed to a killer bee's poison

Action                   |  1- 3 |  4- 6 |  7- 9 || total
-------------------------+-------+-------+-------++-------
Melee: Unarmed           |    85 |   216 |    96 ||   397
Evoke: Wand              |       |       |     1 ||     1
  Use: Potion            |     5 |     2 |     3 ||    10
 Stab: Sleeping          |     2 |       |       ||     2
